 Dungeon Crawl Stone Soup version 0.30-a0-711-gf4ac18a38d (webtiles) character file.

Game seed: 16328979820211577224

431 Crownlay the Reanimator (level 6, 0/41 HPs)
             Began as a Demonspawn Necromancer on Jan 22, 2023.
             Slain by a sky beast (6 damage)
             ... on level 4 of the Dungeon.
             The game lasted 00:08:02 (4202 turns).

Crownlay the Reanimator (Demonspawn Necromancer)    Turns: 4202, Time: 00:08:03

Health: 0/41       AC:  3    Str:  9    XL:     6   Next: 67%
Magic:  8/9        EV: 12    Int: 24    God:
Gold:   117        SH:  4    Dex: 15    Spells: 2/9 levels left

rFire   . . .      SeeInvis .    n - +1 dagger (venom)
rCold   . . .      Faith    .    (no shield)
rNeg    . . .      Spirit   .    a - +0 robe
rPois   .          Reflect  .    (no helmet)
rElec   .          Harm     .    u - +0 cloak
rCorr   .          Rampage  .    (no gloves)
Will    .....                    (no boots)
Stlth   +++                      (no amulet)
HPRegen 0.26/turn                t - ring of wizardry
MPRegen 0.11/turn                c - +6 ring of intelligence

@: no status effects
A: hooves 2, thin skeletal structure 1, condensation shield
a: no special abilities


You were on level 4 of the Dungeon.
You visited 1 branch of the dungeon, and saw 4 of its levels.

You collected 117 gold pieces.

Inventory:

Hand Weapons
 n - a +1 dagger of venom (weapon)
Armour
 a - a +0 robe (worn)
 u - a +0 cloak (worn)
Jewellery
 c - a +6 ring of intelligence (right hand)
 i - a ring of resist corrosion
 t - a ring of wizardry (left hand)
Scrolls
 d - 5 scrolls of identify {unknown}
 e - a scroll of torment {unknown}
 f - 3 scrolls of noise {unknown}
 g - a scroll of enchant weapon {unknown}
 j - 3 scrolls of blinking {unknown}
 k - a scroll of teleportation {unknown}
 q - 3 scrolls of amnesia {unknown}
 r - a scroll of poison {unknown}
Potions
 b - a potion of magic
 h - a potion of degeneration {unknown}
 l - 3 potions of attraction {unknown}
 m - 2 potions of flight {unknown}
 o - a potion of curing {unknown}
 p - a potion of brilliance {unknown}
 s - 2 potions of haste {unknown}
 v - a potion of berserk rage {unknown}


   Skills:
 - Level 1.7 Dodging
 - Level 1.7 Stealth
 - Level 2.0 Spellcasting
 - Level 1.0 Conjurations
 - Level 1.0 Summonings
 + Level 8.2 Necromancy
 + Level 1.4 Translocations
 - Level 1.0 Transmutations


You had 2 spell levels left.
You knew the following spells:

 Your Spells              Type           Power      Damage    Failure   Level
a - Necrotise             Necr           100%       1d9       1%          1
b - Animate Dead          Necr           41%        N/A       1%          4
c - Blink                 Tloc           18%        N/A       4%          2

Your spell library contained the following spells:

 Spells                   Type           Power      Damage    Failure   Level
 Vampiric Draining        Necr           41%        2d8       1%          3
 Agony                    Necr           41%        N/A       4%          5
 Manifold Assault         Tloc           9%         N/A       26%         4
 Storm Form               Tmut/Air       2%         N/A       100%        7


Dungeon Overview and Level Annotations

Branches:
Dungeon (4/15)
 Temple: D:4-7

Altars:


Innate Abilities, Weirdness & Mutations

You have hoof-like feet.
You have a somewhat thin skeletal structure. (Dex +2, Stealth+)
A meltable shield of frost defends you. (SH +4)


Message History

A sky beast is nearby!
The sky beast writhes in agony.
The sky beast writhes in agony.
The sky beast barely resists.
The sky beast hits you. The sky beast shocks you.
You closely miss the sky beast. Your kick misses the sky beast.
The sky beast is moderately wounded.
Your iguana zombie barely misses the sky beast.
The sky beast flickers out of sight!
Deactivating autopickup; reactivate with Ctrl-A.
Something hits you. Something shocks you.
No target in view!
You miss something. Something hits you. Something shocks you.
You hit something. Something hits you but does no damage.
You closely miss something. Your kick misses something. Something hits you.
Something shocks you.
* * * LOW HITPOINT WARNING * * *
You hit something. You block something's attack.
You completely miss something. Something barely misses you.
You barely miss something. You block something's attack.
You barely miss something. Something hits you.
* * * LOW HITPOINT WARNING * * *
Something shocks you.
* * * LOW HITPOINT WARNING * * *
You swap places.
Something hits your goblin zombie. Something shocks your goblin zombie.
Something hits your goblin zombie.
Your goblin zombie is destroyed!
You swap places.
Something hits your dart slug zombie. Something shocks your dart slug zombie.
Your dart slug zombie is destroyed!
Something hits your iguana zombie but does no damage.
Something hits your iguana zombie but does no damage.
A sky beast appears from thin air!
Reactivating autopickup.
You swap places.
The sky beast flickers out of sight!
Deactivating autopickup; reactivate with Ctrl-A.
Something hits you.
* * * LOW HITPOINT WARNING * * *
Something shocks you.
You die...

#...# #...## #
#....# ##
###....# ###.
##......# ##...
#####......##
#....
####..........#
#....
#........Z.>..#
##...Z
##.$...ยง{@....##
#.....
##...####.....##
#..... #..##
###....## ##Z....
#..##
##....###......
##.
###........... #.
#........... #.
##...(...... ##
##......###
#.....## #


You could see a friendly iguana zombie.

Vanquished Creatures
  Sigmund (D:3)
  A scorpion (D:3)
  Crazy Yiuf (D:3)
  2 iguanas (D:4)
  3 adders
  4 dart slugs
  4 orcs
  3 bats
  7 endoplasms
  9 goblins
  5 hobgoblins
  2 jackals (D:1)
  6 kobolds
  A quokka (D:3)
  3 ball pythons
  A frilled lizard (D:3)
  2 rats
55 creatures vanquished.

Vanquished Creatures (collateral kills)
  A hound (D:4)
  An adder (D:4)
  An endoplasm (D:4)
  A hobgoblin (D:4)
  A jackal (D:1)
5 creatures vanquished.

Vanquished Creatures (others)
  An adder zombie (D:3)
  A dart slug zombie (D:4)
  An endoplasm zombie (D:4)
  A goblin zombie (D:4)
  A hobgoblin zombie (D:4)
  A plant (D:1)
6 creatures vanquished.

Grand Total: 66 creatures vanquished

Notes
Turn   | Place    | Note
-------+----------+-------------------------------------------
     0 | D:1      | Crownlay the Demonspawn Necromancer began the quest for the
                  | Orb.
     0 | D:1      | Reached XP level 1. HP: 13/13 MP: 3/3
   174 | D:1      | Gained mutation: A meltable shield of frost defends you.
                  | (SH +4) [demonic ancestry]
   174 | D:1      | Reached XP level 2. HP: 19/19 MP: 0/5
   330 | D:1      | Reached skill level 5 in Necromancy
  1720 | D:2      | Gained mutation: You have large cloven feet. [demonic
                  | ancestry]
  1720 | D:2      | Reached XP level 3. HP: 24/24 MP: 4/6
  1925 | D:2      | Found a faded altar of an unknown god.
  2426 | D:3      | Noticed Sigmund
  2655 | D:3      | Killed Sigmund
  2656 | D:3      | Reached skill level 7 in Necromancy
  2656 | D:3      | Gained mutation: You have a somewhat thin skeletal
                  | structure. (Dex +2, Stealth+) [demonic ancestry]
  2656 | D:3      | Reached XP level 4. HP: 30/30 MP: 5/7
  2656 | D:3      | Gained mutation: You have hoof-like feet. [demonic
                  | ancestry]
  2656 | D:3      | Reached XP level 5. HP: 35/35 MP: 5/8
  2813 | D:3      | Learned a level 4 spell: Animate Dead
  3025 | D:3      | Learned a level 2 spell: Blink
  3131 | D:3      | Found a runed translucent door.
  3132 | D:3      | Noticed Crazy Yiuf
  3171 | D:3      | Reached XP level 6. HP: 41/41 MP: 7/9
  3332 | D:3      | Reached skill level 8 in Necromancy
  3437 | D:3      | Killed Crazy Yiuf
  3771 | D:4      | Reached skill level 1 in Translocations
  3815 | D:4      | Reached skill level 1 in Conjurations
  3815 | D:4      | Reached skill level 1 in Summonings
  3973 | D:4      | Reached skill level 1 in Transmutations
  4175 | D:4      | Noticed a sky beast
  4202 | D:4      | Slain by a sky beast

Illustrated notes

Levels and vault maps discovered:
D:1:      wander_arrival_fairy_ring, layout_basic
D:2:      layout_loops_corners, hellmonk_ecumenical_altar_defaced_shrine
D:3:      layout_loops_ring, uniq_crazy_yiuf_cottage, uniq_sigmund
D:4:      layout_layer_cave, mainiacjoe_overflow_tiny_flanked

Skill      XL: |  1  2  3  4  5  6 |
---------------+-------------------+-----
Necromancy     | 5 7 8 |  8.2
Translocations | 1 |  1.4
Conjurations   | 1 |  1.0
Summonings     | 1 |  1.0
Transmutations | 1 |  1.0
Dodging        | |  1.7
Stealth        | |  1.7
Spellcasting   | |  2.0

Action                     |  1- 3 |  4- 6 || total
---------------------------+-------+-------++-------
  Melee: Unarmed           |     3 |       ||     3
         Dagger            |    10 |    34 ||    44
         Kick              |     2 |     7 ||     9
   Cast: Necrotise         |    53 |    46 ||    99
         Animate Dead      |       |     2 ||     2
   Stab: Sleeping          |       |     1 ||     1
 Armour: Robe              |     3 |     7 ||    10
  Dodge: Dodged            |    18 |    12 ||    30
  Block: Other             |     1 |     7 ||     8

Table legend: (Time is in decaauts)
 A = Elapsed time spent in this place.
 B = Non-inter-level travel time spent in this place.
 C = Inter-level travel time spent in this place.
 D = Time resting spent in this place.
 E = Time spent auto-exploring this place.
 F = Levels seen in this place.
 G = Mean time per level.
                   A        B        C        D        E       F      G
               +--------+--------+--------+--------+--------+-----+--------+
         Total |   4198 |   4106 |     92 |    100 |   3477 |   4 | 1049.5 |
       Dungeon |   4198 |   4106 |     92 |    100 |   3477 |   4 | 1049.5 |
               +--------+--------+--------+--------+--------+-----+--------+

Top non-repeatable levels by time:
     D:1: 1294 daAuts
     D:2: 1260 daAuts
     D:3: 1002 daAuts
     D:4: 640 daAuts
